AoeStats
← [ KOF ] M. Kowalski

Arabia

504860192Analyzed
3v3 RM · 24d ago on Sep 6, 2026· 65m 32s· 6 players
Game mode
Random Map
Map size
Normal (6 player)
Population
200
Speed
Normal
Resources
Standard
Victory
Conquest
Starting age
Dark Age
Ending age
Imperial Age
RankedLock teamsTeams togetherTeam positionsShared explorationLock speedFull tech treeHidden civsTurbo modeCheats
Victory
Defeat
🇲🇽 Maya · Mexico
1508
+12
🇦🇷 Byzantines · Argentina
1498
+12
🇦🇷 Khitans · Argentina
1319
+21
🇬🇧 Italians · United Kingdom
1444
-16
🇬🇧 Persians · United Kingdom
1413
-15
🇬🇧 Chinese · United Kingdom
1388
-14
TheConkerBasher
8:17 Loom
10:14 Feudal Age
11:56 Double-Bit Axe
15:27 Fletching
16:14 Padded Archer Armor
17:19 Horse Collar
24:21 Castle Age
23:42 Gold Mining
24:31 Crossbowman
25:18 Thumb Ring
27:19 Bodkin Arrow
28:38 Ballistics
29:20 Leather Archer Armor
38:32 Stone Mining
43:17 Wheelbarrow
45:51 Imperial Age
44:05 Heavy Plow
44:33 Bow Saw
46:09 Silk Road
46:07 Arbalester
46:58 Elite Skirmisher
48:49 Ring Archer Armor
53:14 Bracer
61:43 Two-Man Saw
Chicotime
7:12 Loom
9:28 Feudal Age
9:34 Loom
9:58 Double-Bit Axe
11:47 Horse Collar
23:39 Castle Age
23:21 Scale Barding Armor
24:06 Bloodlines
24:12 Forging
24:14 Light Cavalry
25:49 Gold Mining
29:09 Wheelbarrow
35:49 Bow Saw
36:49 Stone Mining
38:33 Chain Barding Armor
43:17 Iron Casting
43:42 Heavy Plow
43:36 Stone Mining
46:42 Husbandry
48:39 Hand Cart
51:11 Imperial Age
48:28 Town Watch
51:10 Cavalier
56:42 Blast Furnace
56:18 Plate Barding Armor
59:58 Heavy Camel Rider
60:54 Hussar
62:42 Gold Shaft Mining
62:38 Crop Rotation
62:50 Plate Barding Armor
kingkong
0:26 Loom
9:44 Feudal Age
10:14 Double-Bit Axe
11:54 Horse Collar
13:55 Bloodlines
15:35 Scale Barding Armor
20:01 Wheelbarrow
19:12 Town Watch
23:03 Castle Age
21:41 Fletching
22:46 Scale Mail Armor
23:00 Forging
24:02 Bow Saw
24:05 Heavy Plow
24:42 Squires
25:51 Chain Mail Armor
26:15 Iron Casting
26:12 Gold Mining
31:11 Hand Cart
40:06 Imperial Age
39:28 Bodkin Arrow
42:23 Two-Man Saw
43:11 Conscription
45:41 Bracer
45:42 Padded Archer Armor
45:05 Elite Skirmisher
47:06 Thumb Ring
47:07 Crossbowman
48:46 Ballistics
49:26 Chemistry
48:44 Leather Archer Armor
48:06 Arbalester
51:04 Elite Skirmisher
56:52 Husbandry
56:13 Light Cavalry
57:59 Chain Barding Armor
58:13 Ring Archer Armor
62:13 Caravan
[ KOF ] M. Kowalski
7:32 Loom
9:53 Feudal Age
10:21 Double-Bit Axe
11:17 Domestication
12:21 Town Watch
18:34 Forging
21:30 Scale Barding Armor
23:12 Wheelbarrow
27:41 Castle Age
29:01 Iron Casting
28:05 Light Cavalry
29:34 Chain Barding Armor
29:47 Husbandry
33:50 Bow Saw
33:59 Pastoralism
41:43 Gold Mining
47:10 Imperial Age
46:23 Hand Cart
46:15 Fletching
46:42 Stone Mining
47:50 Bodkin Arrow
49:14 Plate Barding Armor
52:45 Transhumance
56:35 Hussar
58:22 Bracer
59:36 Ballistics
61:51 Two-Man Saw
61:07 Masonry
63:40 Chemistry
65:45 Scale Mail Armor
[KOF] JoakoM
6:50 Loom
9:35 Feudal Age
11:08 Double-Bit Axe
15:13 Fletching
24:19 Castle Age
22:37 Gold Mining
23:09 Horse Collar
24:22 Crossbowman
25:06 Bodkin Arrow
25:30 Bow Saw
26:17 Padded Archer Armor
30:47 Ballistics
35:00 Wheelbarrow
42:04 Imperial Age
39:50 Hand Cart
42:11 Stone Mining
42:21 Heavy Plow
42:57 Gold Shaft Mining
42:14 Arbalester
43:01 Thumb Ring
43:01 Bracer
45:38 Conscription
45:43 Leather Archer Armor
45:34 Scale Barding Armor
45:39 Forging
45:54 Light Cavalry
46:34 Husbandry
46:52 Forging
47:13 Ring Archer Armor
48:18 Chemistry
47:29 Clinker Construction
47:40 Shipwright
46:48 Hussar
47:56 Chain Barding Armor
48:11 Iron Casting
51:36 Capped Ram
56:08 Plate Barding Armor
55:33 Scale Mail Armor
55:29 Pikeman
56:09 Squires
55:55 Arson
56:07 Halberdier
57:22 Chain Mail Armor
59:41 Plate Mail Armor
60:28 Siege Ram
66:38 Two-Man Saw
KOF ChavaAzcona
0:33 Loom
10:19 Feudal Age
10:52 Double-Bit Axe
15:20 Fletching
18:19 Padded Archer Armor
18:38 Horse Collar
22:12 Wheelbarrow
25:09 Castle Age
24:03 Gold Mining
25:14 Crossbowman
26:00 Thumb Ring
25:52 Bodkin Arrow
31:34 Ballistics
42:12 Imperial Age
43:17 Bracer
43:12 Arbalester
49:22 Chemistry
48:37 Heavy Plow
49:49 Conscription
50:15 Leather Archer Armor
51:43 Ring Archer Armor
54:02 Hand Cart
54:35 Forging
54:08 Eagle Warrior
55:41 Bow Saw
55:57 Squires
56:15 Elite Eagle Warrior
57:24 Scale Mail Armor
57:14 Arson
58:09 Holcans
57:48 Pikeman
59:44 Iron Casting
60:28 Halberdier
62:09 Chain Mail Armor
65:43 Plate Mail Armor
67:06 Blast Furnace
Connection lost

Rejoining the realm…

Still unreachable

The connection could not be restored.

Session expired

The server has moved on; the page needs a fresh start.